 Dungeon Crawl Stone Soup version 0.30-a0-165-g1891117ce2 (webtiles) character file.

Game seed: 6852978077260762457

163 qw the Chopper (level 5, -1/32 HPs)
             Began as a Gargoyle Fighter on Sept 28, 2022.
             Blown up by Ijyb (3 damage)
             ... with a mindburst bolt
             ... on level 3 of the Dungeon.
             The game lasted 00:01:08 (3006 turns).

qw the Chopper (Gargoyle Fighter)                   Turns: 3006, Time: 00:01:09

Health: -1/32      AC: 13    Str: 22    XL:     5   Next: 44%
Magic:  5/5        EV:  9    Int:  8    God:
Gold:   86         SH:  4    Dex:  9    Spells: 4/4 levels left

rFire   . . .      SeeInvis .    Y - +1 war axe
rCold   . . .      Faith    .    c - +0 buckler
rNeg    + . .      Spirit   .    b - +0 scale mail
rPois   inf        Reflect  .    (no helmet)
rElec   +          Harm     .    l - +0 cloak
rCorr   .          Rampage  .    a - +0 pair of gloves
Will    .....                    (no boots)
Stlth   ..........               (no amulet)
HPRegen 0.10/turn                (no ring)
MPRegen 0.09/turn                (no ring)

@: no status effects
A: sickness immunity, AC +4, negative energy resistance 1, electricity
resistance, torment resistance 1, petrification resistance
a: no special abilities


You were on level 3 of the Dungeon.
You visited 1 branch of the dungeon, and saw 3 of its levels.

You collected 86 gold pieces.


Innate Abilities, Weirdness & Mutations

You are immune to sickness and miasma.
Your stone body is resilient. (AC +4)
You are immune to poison.
You resist negative energy. (rN+)
You are resistant to electric shocks. (rElec)
You are resistant to unholy torment.
You are immune to petrification.


   Skills:
 + Level 3.3 Fighting
 - Level 5.0 Axes
 - Level 3.2 Armour
 - Level 3.2 Shields


You had 4 spell levels left.
You didn't know any spells.
Your spell library was empty.

Inventory:

Hand Weapons
 n - a +0 morningstar
 Y - a +1 war axe (weapon)
Armour
 a - a +0 pair of gloves (worn)
 b - a +0 scale mail (worn)
 c - a +0 buckler (worn)
 e - an orb of guile
 l - a +0 cloak (worn)
 p - a +0 chain mail
Jewellery
 k - a ring of ice
Scrolls
 g - 3 scrolls of identify
 m - a scroll of teleportation
 o - a scroll of magic mapping {unknown}
 q - a scroll of noise {unknown}
Potions
 d - 3 potions of might
 f - a potion of flight {unknown}
 h - a potion of degeneration {unknown}
 i - a potion of brilliance {unknown}
 j - a potion of lignification {unknown}

Dungeon Overview and Level Annotations

Branches:
Dungeon (3/15)

Altars:
Hepliaklqana
Uskayaw
Xom

Shops:
D:2 (

Annotations:
D:3 Ijyb, Terence


Message History

Ijyb closely misses you.
You hit Ijyb.
Ijyb is heavily wounded.
Ijyb zaps a wand.
You barely resist. You barely miss Ijyb.
Ijyb is heavily wounded.
Ijyb hits you but does no damage.
Ijyb zaps a wand.
Your mind is blasted!
You barely miss Ijyb.
Ijyb is heavily wounded.
Ijyb zaps a wand.
Your mind is blasted!
You hit Ijyb but do no damage.
Ijyb is heavily wounded.
Ijyb hits you but does no damage.
You hit Ijyb but do no damage.
Ijyb is heavily wounded.
Ijyb hits you but does no damage.
You barely miss Ijyb.
Ijyb is heavily wounded.
Ijyb hits you but does no damage.
Ijyb zaps a wand.
Your mind is blasted!
Ouch! That really hurt!
2995 ||| READING 2 scrolls of teleportation.
As you read the scroll of teleportation, it crumbles to dust.
You feel strangely unstable. Ijyb closely misses you.
You hit Ijyb.
Ijyb is heavily wounded.
Ijyb hits you but does no damage.
You barely miss Ijyb.
Ijyb is heavily wounded.
Your surroundings suddenly seem different.
Found a Young Poisoner's Handbook.
You start resting.
Ijyb is nearby!
3002 ||| FLEEEEING.
3003 ||| FLEEEEING.
3004 ||| FLEEEEING.
3005 ||| FLEEEEING.
3006 ||| FLEEEEING.
Ijyb zaps a wand.
Your mind is blasted!
You die...

#...........# #..##..
#..........#####.###..
#.........##....# #..
#.........##.#### #.. #
#.........##.# #.. #.
#......<..#..# ####.
###.#####...[.......#####....
.....#.............##..%..###
:...........@................
....................##.######
...........).....#..##.# ##.
.............##..#...#.# ##..
.............###..#..#.###..#
.............# ##.#....##..##
...........g## #.....#...##.
.....#......# ##..#...###..
###########.## #...........


You could see Ijyb.

Vanquished Creatures
  3 gnolls (D:2)
  7 adders
  4 orcs (D:3)
  5 ball pythons
  7 endoplasms
  4 giant cockroaches
  5 goblins
  5 hobgoblins
  9 jackals (D:1)
  3 kobolds
  2 quokkas
  A bat (D:1)
  3 frilled lizards
  5 rats
63 creatures vanquished.

Notes
Turn   | Place    | Note
-------+----------+-------------------------------------------
     0 | D:1      | qw the Gargoyle Fighter began the quest for the Orb.
     0 | D:1      | Reached XP level 1. HP: 14/14 MP: 1/1
     0 | D:1      | 0 ||| qw: Version: 0.2-a-12-gaebbb33
     0 | D:1      | 0 ||| qw: Game counter: 783
     0 | D:1      | 0 ||| qw: Always use a shield: true
     0 | D:1      | 0 ||| qw: God list: Okawaru
     0 | D:1      | 0 ||| qw: Allow faded altars: false
     0 | D:1      | 0 ||| qw: Do Orc after D:15 true
     0 | D:1      | 0 ||| qw: Do second Lair branch before Depths: true
     0 | D:1      | 0 ||| qw: Lair rune preference: random
     0 | D:1      | 0 ||| qw: Plans: Normal, Zot:1-4, God:TSO, Crypt, Tomb,
                  | Pan, Slime:5, Hells, Abyss, Orb
     0 | D:1      | 0 ||| PLANNING D:1-11
    83 | D:1      | Reached skill level 2 in Axes
   352 | D:1      | You fall into a shaft and drop 1 floor!
   387 | D:2      | Reached XP level 2. HP: 19/19 MP: 2/2
   399 | D:2      | Reached skill level 3 in Axes
   399 | D:2      | Reached XP level 3. HP: 8/23 MP: 3/3
   404 | D:2      | HP: 4/23 [adder (2)]
   408 | D:2      | HP: 1/23 [gnoll/+0 club (4)]
   420 | D:2      | 420 ||| FLEEEEING.
   427 | D:2      | 427 ||| STAIRDANCE
   719 | D:1      | 719 ||| Stepping ~*~*~tactically~*~*~ (stealth).
   726 | D:1      | Reached XP level 4. HP: 28/28 MP: 4/4
   870 | D:1      | Reached skill level 4 in Axes
  1354 | D:1      | 1354 ||| Stepping ~*~*~tactically~*~*~ (stealth).
  1430 | D:1      | 1430 ||| READING scroll labelled TYXAJ BEDEAL.
  1431 | D:1      | 1431 ||| READING 2 scrolls labelled RAADAU YMMAYPRA.
  1432 | D:1      | 1432 ||| READING scroll labelled WOUGHA CELIRR.
  1467 | D:2      | 1467 ||| DROPPING +0 club.
  1470 | D:2      | 1470 ||| DROPPING +0 whip.
  1568 | D:2      | Found a faded altar of an unknown god.
  1675 | D:2      | 1675 ||| Stepping ~*~*~tactically~*~*~ (stealth).
  1748 | D:2      | 1748 ||| Stepping ~*~*~tactically~*~*~ (stealth).
  1752 | D:2      | 1752 ||| Stepping ~*~*~tactically~*~*~ (stealth).
  1763 | D:2      | 1763 ||| Stepping ~*~*~tactically~*~*~ (stealth).
  1806 | D:2      | 1806 ||| DROPPING +0 flail.
  2024 | D:2      | Found Piopad Ussae's Antique Weapon Shop.
  2034 | D:2      | 2034 ||| SHOPLISTING glowing war axe (149 gold, have 64).
  2163 | D:2      | 2163 ||| UPGRADING to +0 pair of gloves.
  2168 | D:2      | 2168 ||| UPGRADING to +0 cloak.
  2173 | D:2      | 2173 ||| READING 4 scrolls labelled TABIRHI KOCOSE.
  2177 | D:2      | 2177 ||| READING 2 scrolls of identify.
  2177 | D:2      | 2177 ||| IDENTIFYING bubbling brown potion
  2178 | D:2      | 2178 ||| DROPPING potion of berserk rage.
  2224 | D:3      | Reached XP level 5. HP: 32/32 MP: 5/5
  2249 | D:3      | Found a shimmering altar of Xom.
  2447 | D:3      | Noticed a +0 falchion
  2449 | D:3      | Noticed a +0 short sword
  2450 | D:3      | Noticed a +0 falchion
  2450 | D:3      | Noticed a +0 short sword
  2450 | D:3      | Noticed a +0 spear
  2451 | D:3      | Noticed a +0 spear
  2451 | D:3      | Noticed a +0 dagger
  2451 | D:3      | Noticed a +0 dagger
  2453 | D:3      | Found a hide-covered altar of Uskayaw.
  2555 | D:3      | Reached skill level 5 in Axes
  2634 | D:3      | Noticed Ijyb
  2638 | D:3      | HP: 5/32 [disintegration (12)]
  2639 | D:3      | 2639 ||| READING 3 scrolls of teleportation.
  2641 | D:3      | HP: 1/32 [Ijyb/+0 dagger (3)]
  2642 | D:3      | Found a faded altar of an unknown god.
  2642 | D:3      | Found a hazy altar of Hepliaklqana.
  2642 | D:3      | Noticed Terence
  2985 | D:3      | 2985 ||| Stepping ~*~*~tactically~*~*~ (stealth).
  2994 | D:3      | HP: 1/32 [disintegration (18)]
  2995 | D:3      | 2995 ||| READING 2 scrolls of teleportation.
  3002 | D:3      | 3002 ||| FLEEEEING.
  3003 | D:3      | 3003 ||| FLEEEEING.
  3004 | D:3      | 3004 ||| FLEEEEING.
  3005 | D:3      | 3005 ||| FLEEEEING.
  3006 | D:3      | 3006 ||| FLEEEEING.
  3006 | D:3      | Blown up by Ijyb

Levels and vault maps discovered:
D:1:      minmay_arrival_hallway, layout_basic
D:2:      layout_loops_ring, basic_ecumenical_altar, serial_shops,
          shop_fountains
D:3:      layout_rooms, xom_teletrap_fun, nicolae_uskayaw_en_pointe,
          nicolae_overflow_ecumenical_swirl, uniq_terence, uniq_ijyb

Skill      XL: |  1  2  3  4  5 |
---------------+----------------+-----
Axes           | 2 3 4 5 |  5.0
Fighting       | |  3.3
Armour         | |  3.2
Shields        | |  3.2

Action                   |  1- 3 |  4- 6 || total
-------------------------+-------+-------++-------
Melee: War axe           |    58 |   176 ||   234
  Use: Scroll            |       |     7 ||     7
Armor: Scale mail        |    33 |    84 ||   117
Dodge: Dodged            |    40 |    67 ||   107
Block: Buckler           |    15 |    26 ||    41

Table legend:
 A = Non-vault XP
 B = Vault XP
 C = Vault XP percentage of total XP
 D = Non-vault monster count
 E = Vault monster count
 F = Vault count percentage of total count
                 A         B        C        D         E       F
            +---------+---------+-------+---------+---------+-------
      Total |     234 |       0 |   0.0 |      63 |       0 |   0.0
            +---------+---------+-------+---------+---------+-------
        D:1 |      53 |       0 |   0.0 |      29 |       0 |   0.0
        D:2 |     109 |       0 |   0.0 |      15 |       0 |   0.0
        D:3 |      72 |       0 |   0.0 |      19 |       0 |   0.0
            +---------+---------+-------+---------+---------+-------
